 Seeded DCSS version 0.32-a0-961-gd60f5e5fc7 (webtiles) character file.

Game seed: 202404178 (custom seed)

14618 Orlauf the Carver (level 11, -5/96 HPs)
             Began as a Demonspawn Gladiator on Apr 17, 2024.
             Was an Elder of Uskayaw.
             Slain by a polar bear (22 damage)
             ... on level 11 of the Dungeon.
             The game lasted 00:16:51 (8725 turns).

Orlauf the Carver (Demonspawn Gladiator)            Turns: 8725, Time: 00:16:52

Health: -5/96      AC: 19    Str: 19    XL:     11   Next: 91%
Magic:  19/19      EV:  5    Int:  8    God:    Uskayaw [****..]
Gold:   741        SH:  6    Dex: 15    Spells: 10/10 levels left

rFire   + . .        a - +1 great sword
rCold   . . .        (shield currently unavailable)
rNeg    . . .        J - +3 plate armour {rF+}
rPois   +            (helmet unavailable)
rElec   +            K - +2 cloak {rPois}
rCorr   .            B - +0 pair of gloves
SInv    +            c - +1 pair of boots
Will    .....        f - amulet of regeneration Stlth
                     L - ring "Etusal" {rPois SInv}
HPRegen 1.16/turn    G - ring "Opuyne" {Fly rElec Slay+2}
MPRegen 0.16/turn

%: no passive effects
@: flying, studying Fighting
A: horns 3, large bone plates 2, demonic guardian 1, spiny 1, bedeviling
a: Renounce Religion, Stomp, Line Pass


You were on level 11 of the Dungeon.
You worshipped Uskayaw.
Uskayaw was aware of your devotion.
You visited 2 branches of the dungeon, and saw 12 of its levels.
You also visited: Ossuary.

You collected 1614 gold pieces.
You spent 873 gold pieces at shops.

Inventory:

Hand Weapons
 a - a +1 great sword (weapon)
 b - a +0 short sword
 C - a +1 short sword of venom
 D - the +8 war axe of the Radish {pain, rN++ Int-5 Dex+3}
   (You found it on level 6 of the Dungeon)

   Int-5:     It affects your intelligence (-5).
   Dex+3:     It affects your dexterity (+3).
   rN++:      It greatly protects you from negative energy.
 F - a +0 long sword
Missiles
 e - a javelin
Armour
 c - a +1 pair of boots (worn)
 w - a scarf of resistance
 B - a +0 pair of gloves (worn)
 J - a +3 plate armour of fire resistance (worn)
 K - a +2 cloak of poison resistance (worn)
Jewellery
 f - an amulet of regeneration (around neck)
 m - a ring of willpower
 G - the ring "Opuyne" (right hand) {Fly rElec Slay+2}
   (You found it on level 7 of the Dungeon)

   [ring of flight]

   Slay+2:    It affects your accuracy & damage with ranged weapons and melee
   (+2).
   rElec:     It insulates you from electricity.
   Fly:       It grants you flight.
 H - a ring of see invisible
 I - a ring of protection from fire
 L - the ring "Etusal" (left hand) {rPois SInv}
   (You bought it in a shop on level 9 of the Dungeon)

   [ring of see invisible]

   rPois:     It protects you from poison.
   SInv:      It lets you see invisible.
 M - an amulet of faith
Wands
 v - a wand of flame (52)
 x - a wand of warping (9) (quivered)
 y - a wand of digging (2)
 N - a wand of paralysis (4)
Scrolls
 d - 2 scrolls of immolation
 k - 2 scrolls of poison
 p - 3 scrolls of teleportation
 z - a scroll of torment
 A - a scroll of fear
 P - a scroll of amnesia
Potions
 g - a potion of cancellation
 i - a potion of resistance
 j - 2 potions of magic
 l - 3 potions of curing
 n - a potion of lignification
 o - 3 potions of brilliance
 q - 2 potions of mutation
 r - a potion of attraction
 s - 2 potions of enlightenment
 u - a potion of haste
 E - 3 potions of might


   Skills:
 + Level 12.4 Fighting
 * Level 13.4 Long Blades
 - Level 1.7 Throwing
 - Level 2.6 Dodging
 + Level 10.7 Invocations


You had 10 spell levels left.
You didn't know any spells.
Your spell library contained the following spells:

 Spells                   Type           Power      Damage    Failure   Level
 Slow                     Hex            0%         N/A       100%        1
 Cigotuvi's Dreadful Rot  Necr/Alch/Air  0%         N/A       100%        2
 Static Discharge         Conj/Air       0%         3-3/arc   100%        2
 Confusing Touch          Hex            0%         N/A       100%        3
 Tukima's Dance           Hex            0%         N/A       100%        3
 Vampiric Draining        Necr           0%         2d6       100%        3
 Airstrike                Air            0%         2d(0-16)  100%        4
 Dimensional Bullseye     Hex/Tloc       0%         N/A       100%        4
 Dispel Undead            Necr           0%         3d6       100%        4
 Ignite Poison            Fire/Alch      0%         N/A       100%        4
 Iskenderun's Mystic Bla Conj/Tloc 0%             2d3        (+2d1     100%        4
 Martyr's Knell           Necr/Summ      0%         N/A       100%        4
 Sticky Flame             Fire/Alch      0%         2d4       100%        4
 Summon Lightning Spire   Summ/Air       0%         N/A       100%        4
 Ignition                 Fire           0%         3d3       100%        8


Dungeon Overview and Level Annotations

Branches:
Dungeon (11/15)            Temple (1/1) D:7            Lair (0/5) D:10
Ossuary (visited)
    Orc: D:9-12

Altars:
Ashenzari
Cheibriados
Dithmenos
Fedhas
Gozag
Hepliaklqana
Kikubaaqudgha
Makhleb
Nemelex Xobeh
Okawaru
Qazlal
Ru
Sif Muna
Trog
Uskayaw
Vehumet
Wu Jian
Xom
Yredelemnul

Shops:
D:9 =*=[*


Innate Abilities, Weirdness & Mutations

You have a pair of large horns on your head.
You are mostly covered in large bone plates. (SH +6)
A weak demonic guardian rushes to your aid.
You are partially covered in sharp spines.
Your hexes are more powerful.


Message History

The centaur shoots an arrow.
The arrow hits you but does no damage.
You hear the faint crackling of a distant melting archway.
The polar bear attacks as it pursues you!
You block the polar bear's attack.
The polar bear claws you but does no damage. x2
You barely miss the polar bear. You headbutt the polar bear!
The polar bear is moderately wounded.
The polar bear bites you.
The polar bear claws you but does no damage. x2
You barely miss the polar bear. You headbutt the polar bear!
The polar bear is heavily wounded.
The polar bear bites you but does no damage.
The polar bear claws you but does no damage. x2
Uskayaw will force your foes to share their pain.
You slash the polar bear! Your headbutt misses the polar bear.
The polar bear is almost dead.
The polar bear goes berserk!
You hit the polar bear. You headbutt the polar bear.
The polar bear is almost dead.
The polar bear is struck by your spines.
The polar bear bites you but does no damage.
The polar bear claws you but does no damage.
You block the polar bear's attack.
The polar bear is struck by your spines.
The polar bear bites you!
* * * LOW HITPOINT WARNING * * *
The polar bear barely misses you.
The polar bear claws you but does no damage.
You hit the polar bear but do no damage.
You headbutt the polar bear, but do no damage.
The polar bear is almost dead.
The polar bear bites you!
* * * LOW HITPOINT WARNING * * *
A demonic guardian appears!
The polar bear claws you.
* * * LOW HITPOINT WARNING * * *
The polar bear claws you.
* * * LOW HITPOINT WARNING * * *
You feel better. The polar bear bites you!!
You die...
Your body falls in perfect tune with the rhythm.

......~≈≈~~....#..#
#...~~~≈≈.$......#
##.~~~~~~.)#
#..Y≈~~~~.†#
#...~~~~~~.#
###..~).....)#
.....c...c...#
.########h#..# ##@##..#
##..##..## ##.5..##..##
#############..........#
.........[##.#.....#...#
#######......#.....#.#.#
# #.....###...##.#[# .
..#.....####.##..... #
#..........### .....#


You could see a polar bear (berserk, ally target), a centaur and a friendly
white imp (summoned).

Vanquished Creatures
  Snorg (D:11)
  5 two-headed ogres
  Lodul (D:10)
  A manticore (D:11)
  Maurice (D:9)
  Psyche (D:10)
  2 trolls
  2 centaur simulacra (D:11)
  Sigmund (D:5)
  2 shadows
  2 wraiths
  5 wyverns
  8 yaks (D:10)
  6 vampire mosquitoes
  Grum (D:10)
  Edmund (D:5)
  3 water moccasins
  An acid dragon (D:10)
  Duvessa (D:5)
  An ice beast (D:11)
  3 orc warriors
  8 ogres
  A sky beast (D:8)
  3 wolves (D:10)
  6 centaurs (D:11)
  A kobold brigand (D:9)
  2 bullfrogs
  A scorpion (D:7)
  14 wights
  Dowan (D:5)
  9 killer bees
  4 howler monkeys
  2 jellies
  3 hounds
  5 iguanas
  5 orc priests
  4 orc wizards
  A hound zombie (Ossuary)
  4 mummies (Ossuary)
  4 adders
  A shadow imp (D:7)
  3 white imps
  2 ufetubi (D:6)
  An adder zombie (Ossuary)
  3 dart slugs
  3 ribbon worms
  23 orcs
  6 ball pythons
  11 bats
  3 endoplasms
  2 giant cockroaches (D:1)
  3 goblins
  3 hobgoblins
  7 jackals
  9 quokkas
  3 frilled lizards
  A goblin zombie (Ossuary)
  2 hobgoblin zombies (Ossuary)
  2 jackal zombies (Ossuary)
  7 kobolds
  3 kobold zombies (Ossuary)
  4 rats
  2 rat zombies (Ossuary)
231 creatures vanquished.

Vanquished Creatures (collateral kills)
  A two-headed ogre (D:9)
  A wight (D:8)
  A killer bee (D:9)
3 creatures vanquished.

Vanquished Creatures (others)
  2 kobolds (D:9)
2 creatures vanquished.

Grand Total: 236 creatures vanquished

Notes
Turn   | Place    | Note
-------+----------+-------------------------------------------
     0 | D:1      | Orlauf the Demonspawn Gladiator began the quest for the
                  | Orb.
     0 | D:1      | Reached XP level 1. HP: 16/16 MP: 1/1
   104 | D:1      | Reached skill level 3 in Long Blades
   213 | D:1      | Gained mutation: You have a pair of small horns on your
                  | head. [demonic ancestry]
   213 | D:1      | Reached XP level 2. HP: 22/22 MP: 2/2
   411 | D:1      | Gained mutation: You are partially covered in sharp spines.
                  | [demonic ancestry]
   411 | D:1      | Reached XP level 3. HP: 28/28 MP: 3/3
  1526 | D:2      | Found a faded altar of an unknown god.
  1785 | D:3      | Found an ornate altar of the Wu Jian Council.
  1882 | D:3      | Reached skill level 4 in Long Blades
  1882 | D:3      | Reached XP level 4. HP: 30/34 MP: 4/4
  2200 | D:3      | Found a sacrificial altar of Ru.
  2572 | D:4      | Gained mutation: You are partially covered in large bone
                  | plates. (SH +4) [demonic ancestry]
  2572 | D:4      | Reached XP level 5. HP: 31/41 MP: 5/5
  2654 | D:4      | Found a sand-covered staircase.
  2662 | Ossuary  | Entered an ossuary
  2687 | Ossuary  | Reached skill level 5 in Long Blades
  3294 | D:4      | Gained mutation: You are mostly covered in large bone
                  | plates. (SH +6) [demonic ancestry]
  3294 | D:4      | Reached XP level 6. HP: 48/48 MP: 6/6
  3645 | D:5      | Entered Level 5 of the Dungeon
  3790 | D:5      | Noticed Dowan
  3790 | D:5      | Noticed Duvessa
  3798 | D:5      | Killed Dowan
  3804 | D:5      | Killed Duvessa
  3805 | D:5      | Reached skill level 6 in Long Blades
  3952 | D:5      | Gained mutation: You have a pair of horns on your head.
                  | [demonic ancestry]
  3952 | D:5      | Reached XP level 7. HP: 55/55 MP: 7/7
  3984 | D:5      | Reached skill level 5 in Fighting
  4169 | D:5      | Noticed Edmund
  4193 | D:5      | Killed Edmund
  4194 | D:5      | Reached skill level 7 in Long Blades
  4211 | D:5      | Noticed Sigmund
  4228 | D:5      | Killed Sigmund
  4365 | D:6      | Reached XP level 8. HP: 60/64 MP: 8/8
  4448 | D:6      | Identified the +8 war axe of the Radish {pain, rN++ Int-5
                  | Dex+3}
  4943 | D:7      | Identified the ring "Opuyne" {Fly rElec Slay+2}
  5127 | D:7      | Reached skill level 8 in Long Blades
  5440 | D:7      | Found a staircase to the Ecumenical Temple.
  5485 | Temple   | Entered the Ecumenical Temple
  5513 | Temple   | Became a worshipper of Uskayaw the Reveller
  5553 | D:7      | Reached * piety under Uskayaw
  5554 | D:7      | Reached ** piety under Uskayaw
  5557 | D:7      | Reached skill level 1 in Invocations
  5557 | D:7      | Reached *** piety under Uskayaw
  5664 | D:7      | Found a bloodstained altar of Trog.
  6052 | D:8      | Noticed a two-headed ogre
  6161 | D:7      | Reached **** piety under Uskayaw
  6162 | D:7      | Reached skill level 9 in Long Blades
  6162 | D:7      | Gained mutation: A weak demonic guardian rushes to your
                  | aid. [demonic ancestry]
  6162 | D:7      | Reached XP level 9. HP: 32/71 MP: 9/11
  6283 | D:8      | Noticed a two-headed ogre
  6288 | D:8      | Killed a two-headed ogre
  6296 | D:8      | Reached ***** piety under Uskayaw
  6302 | D:8      | Reached skill level 5 in Invocations
  6314 | D:8      | Identified 2 scrolls of acquirement
  6314 | D:8      | Acquired 568 gold pieces
  6343 | D:8      | Acquired a manual of Fighting
  6345 | D:8      | Killed a two-headed ogre
  6346 | D:8      | Reached skill level 10 in Long Blades
  6565 | D:8      | Gained mutation: You have a pair of large horns on your
                  | head. [demonic ancestry]
  6565 | D:8      | Reached XP level 10. HP: 80/80 MP: 14/14
  6784 | D:8      | Found a burning altar of Makhleb.
  6801 | D:8      | Found an iron altar of Okawaru.
  6864 | D:8      | Found a sparkling altar of Nemelex Xobeh.
  7014 | D:9      | Found Wiapam's Armour Shop.
  7054 | D:9      | Bought a +3 plate armour of fire resistance for 585 gold
                  | pieces
  7101 | D:9      | Found a radiant altar of Vehumet.
  7114 | D:9      | Noticed a two-headed ogre
  7122 | D:9      | Killed a two-headed ogre
  7123 | D:9      | Reached skill level 11 in Long Blades
  7196 | D:9      | Noticed Maurice
  7198 | D:9      | Found Ixotutig's Assorted Antiques.
  7216 | D:9      | Killed Maurice
  7256 | D:9      | Found Ceroamaqi's Changing Room.
  7273 | D:9      | Noticed a two-headed ogre
  7281 | D:9      | Killed a two-headed ogre
  7470 | D:9      | Found Iqeviozo's Jewellery Shoppe.
  7480 | D:9      | Bought the ring "Etusal" {rPois SInv} for 288 gold pieces
  7542 | D:9      | Found Vasyluic's Jewellery Shoppe.
  7627 | D:10     | Entered Level 10 of the Dungeon
  7627 | D:10     | Noticed a two-headed ogre
  7634 | D:10     | Killed a two-headed ogre
  7635 | D:10     | Reached skill level 10 in Fighting
  7796 | D:10     | Found a hazy altar of Hepliaklqana.
  7856 | D:10     | Noticed Grum
  7856 | D:10     | Noticed Lodul
  7868 | D:10     | Reached skill level 12 in Long Blades
  7868 | D:10     | Killed Grum
  7869 | D:10     | Gained mutation: Your hexes are more powerful. [demonic
                  | ancestry]
  7869 | D:10     | Reached XP level 11. HP: 86/92 MP: 17/17
  7869 | D:10     | Killed Lodul
  7894 | D:10     | Noticed Psyche
  7896 | D:10     | Found a staircase to the Lair.
  7922 | D:10     | Reached ****** piety under Uskayaw
  7931 | D:10     | Killed Psyche
  8107 | D:10     | Found a stormy altar of Qazlal.
  8584 | D:11     | Reached skill level 10 in Invocations
  8588 | D:11     | Reached skill level 13 in Long Blades
  8630 | D:11     | Noticed Snorg
  8638 | D:11     | Killed Snorg
  8685 | D:11     | Noticed a two-headed ogre
  8692 | D:11     | Killed a two-headed ogre
  8702 | D:11     | HP: 4/96 [centaur/arrow (7)]
  8725 | D:11     | Slain by a polar bear

Illustrated notes

Levels and vault maps discovered:
D:1:      heliophobic_arrival_ceremonial_halls, layout_basic
D:2:      layout_rooms, dilly_ecumenical_altar_fadedgnrine
D:3:      layout_basic, mainiacjoe_overflow_alcove_2,
          mainiacjoe_overflow_boulevard, dk_noncrumbling_4
D:4:      layout_loops_cross, nicolae_ossuary_entry_plus,
          serial_library_regret_index_branch_corner, roderic_lattice_a,
          minmay_misc_feat_rows, ebering_dispersal_statue_hall, minmay_puff
D:5:      layout_loops_ring, sigmund_edmund_badplayer, uniq_duvessa
D:6:      layout_basic
D:7:      layout_basic, mainiacjoe_overflow_small_starburst,
          minmay_temple_entry_glassed_door, chequers_serial_rivers_micro_a
D:8:      layout_cave_pools, nemelex_diamond_rough_becter,
          mainiacjoe_overflow_swirl, serial_column_ruins,
          column_ruins_open_small, column_ruins_grid_1, column_ruins_grid_3,
          column_ruins_grid_1, patterned_corridor
D:9:      layout_cave_pools, vehumet_altar_wand_db, serial_shops, shop, shop,
          shop, shop, nicolae_transmutations_shop, nicolae_tricolors,
          uniq_maurice
D:10:     layout_roguey, gammafunk_temple_overflow_elements,
          mainiacjoe_overflow_alcove_4, minmay_lair_entry_grove,
          chequers_serial_rivers_large_b, kennysheep_generic_room_13, uniq_grum,
          uniq_lodul, uniq_psyche
D:11:     minmay_stone_box, layout_loops_ring, orc_0_dummy, serial_ice,
          serial_ice_n, serial_ice_c, serial_ice_a, serial_ice_f,
          portal_ice_cave_demonic_guard, nicolae_diode_basic, uniq_snorg
Temple:   hc_temple_tempest_star

Skill      XL: |  1  2  3  4  5  6  7  8  9 10 11 |
---------------+----------------------------------+-----
Long Blades    | 3 4 5 6 7 9 10 12 13 | 13.4
Fighting       | 3 4 5 6 8 10 12 | 12.4
Invocations    | 3 6 8 10 | 10.7
Throwing       | |  1.7
Dodging        | |  2.6

Action                     |  1- 3 |  4- 6 |  7- 9 | 10-12 || total
---------------------------+-------+-------+-------+-------++-------
  Melee: Long sword        |   123 |   121 |   185 |   178 ||   607
         Headbutt          |     7 |    24 |    51 |    64 ||   146
         Great sword       |       |       |       |    40 ||    40
  Throw: Throwing net      |       |     1 |     2 |       ||     3
  Evoke: Wand              |       |       |    15 |    15 ||    30
    Use: Scroll            |     7 |     9 |     6 |     4 ||    26
         Potion            |       |     3 |       |     5 ||     8
   Stab: Paralysed         |       |       |     8 |    25 ||    33
         Petrifying        |       |       |       |     1 ||     1
 Armour: Leather armour    |    85 |       |       |       ||    85
         Scale mail        |    30 |    50 |       |       ||    80
         Chain mail        |       |     4 |       |       ||     4
         Plate armour      |       |    28 |   154 |   255 ||   437
  Dodge: Dodged            |    85 |    51 |    26 |    56 ||   218
  Block: Other             |       |    16 |    46 |    57 ||   119

Table legend: (Time is in decaauts)
 A = Elapsed time spent in this place.
 B = Non-inter-level travel time spent in this place.
 C = Inter-level travel time spent in this place.
 D = Time resting spent in this place.
 E = Time spent auto-exploring this place.
 F = Levels seen in this place.
 G = Mean time per level.
                   A        B        C        D        E       F      G
               +--------+--------+--------+--------+--------+-----+--------+
         Total |   8722 |   8278 |    444 |    233 |   6048 |  13 |  670.9 |
       Dungeon |   8430 |   8013 |    417 |    204 |   5944 |  11 |  766.4 |
        Temple |     55 |     28 |     27 |      0 |      0 |   1 |   55.0 |
       Ossuary |    236 |    236 |      0 |     29 |    104 |   1 |  236.0 |
               +--------+--------+--------+--------+--------+-----+--------+

Top non-repeatable levels by time:
     D:7: 1235 daAuts
     D:1: 1229 daAuts
     D:4: 1032 daAuts
    D:10: 910 daAuts
     D:8: 798 daAuts
     D:3: 768 daAuts
     D:5: 699 daAuts
     D:9: 602 daAuts
     D:6: 576 daAuts
     D:2: 421 daAuts
 Ossuary: 236 daAuts
    D:11: 156 daAuts
  Temple: 55 daAuts
